 Dungeon Crawl Stone Soup version 0.29-a0-113-g078de9bc30 (console) character file.

Game seed: 4464374017836080573

373414 petzl the Eclecticist (level 24, -5/219 HPs)
             Began as a Formicid Arcane Marksman on Feb 18, 2022.
             Was the Champion of Vehumet.
             Slain by a quicksilver ooze (13 damage)
             ... created by the Royal Jelly
             ... on level 5 of the Pits of Slime on Feb 22, 2022.
             The game lasted 08:55:39 (71721 turns).

petzl the Eclecticist (Formicid Arcane Marksman)   Turns: 71721, Time: 08:55:40

Health: -5/219     AC:  6    Str: 21      XL:     24   Next: 13%
Magic:  23/37      EV: 13    Int: 24 (26) God:    Vehumet [******]
Gold:   603        SH: 15    Dex: 10      Spells: 3/62 levels left

rFire   + + +      SeeInvis +   a - +11 lance {slay drac, rPois rF+ rC+ AC+3}
rCold   . . .      Faith    .   E - +3 kite shield {reflect}
rNeg    . . .      Spirit   .   y - +4 robe of the Game of Life {rElec rF++ rC- Archmagi}
rPois   +          Reflect  +   (helmet unavailable)
rElec   +          Harm     .   L - +2 cloak {Will+}
rCorr   +          Rampage  .   T - +0 pair of fencer's gloves {Riposte Dex+3}
Will    +++..      Archmagi +   o - +0 pair of boots
Stlth   ++++++....              c - amulet of Vitality {Regen+ HP+15}
HPRegen 1.26/turn               s - ring of Efunnuf {Fly Int+3 Stlth+}
MPRegen 0.25/turn               C - ring "Wuphi" {rElec rPois rCorr Str+4}

@: marked, engulfed (cannot breathe), corroded, flying, studying Crossbows
A: permanent stasis, dig shafts and tunnels, antennae 3, four strong arms,
clumsy 2, deformed body, deterioration 2, low MP 2, robust 1, electricity
resistance, devolution 1
}: 1/15 runes: barnacled
a: Dig, Shaft Self, Renounce Religion


You were on level 5 of the Pits of Slime.
You worshipped Vehumet.
Vehumet was exalted by your worship.
You visited 11 branches of the dungeon, and saw 46 of its levels.
You visited 1 bazaar.
You also visited: Ice Cave.

You collected 6533 gold pieces.
You spent 5930 gold pieces at shops.

Inventory:

Hand Weapons
 a - the +11 lance "Wyrmbane" (weapon) {slay drac, rPois rF+ rC+ AC+3}
   (You found it on level 2 of the Lair of Beasts)

   It inflicts extra damage against dragons and draconians.
   AC:        It affects your AC (+3).
   rF:        It protects you from fire.
   rC:        It protects you from cold.
   rPois:     It protects you from poison.
 b - the +6 arbalest "Damnation" {damnation}
   (You found it on level 3 of the Elven Halls)

   Any ammunition fired from it explodes in a burst of damnation on striking a
   foe, dealing damage which bypasses armour.
 d - the +11 dagger "Vepti" {vorpal, *Corrode rN++ Int+8, !f =f}
   (You found it on level 1 of the Vaults)

   It inflicts extra damage upon your enemies.
   Int:       It affects your intelligence (+8).
   rN:        It greatly protects you from negative energy.
   *Corrode:  It may corrode you when you take damage.
 e - a +2 hand crossbow of venom
Missiles
 z - 13 throwing nets (quivered)
 A - 5 silver javelins
 N - 2 curare-tipped darts {!*}
 P - 1252 bolts
Armour
 o - a +0 pair of boots (worn)
 y - the +4 robe of the Game of Life (worn) {rElec rF++ rC- Archmagi}
   (You found it on level 5 of the Dungeon)

   rF:        It greatly protects you from fire.
   rC:        It makes you vulnerable to cold.
   rElec:     It insulates you from electricity.
   Archmagi:  It increases the power of your magical spells.
 E - a +3 kite shield of reflection (worn)
 L - a +2 cloak of willpower (worn)
 T - the +0 pair of fencer's gloves (worn) {Riposte Dex+3}
   (You found it on level 3 of the Shoals)

   It allows the wearer to riposte with melee weapons, swiftly retaliating
   against missed attacks.
   Dex:       It affects your dexterity (+3).
Jewellery
 c - the amulet of Vitality (around neck) {Regen+ HP+15}
   (You bought it in a shop in a bazaar)

   [amulet of regeneration]

   HP:        It affects your health (+15).
   Regen:     It increases your rate of health regeneration.
 f - a ring of positive energy
 s - the ring of Efunnuf (left hand) {Fly Int+3 Stlth+}
   (You bought it in a shop on level 1 of the Elven Halls)

   [ring of flight]

   Int:       It affects your intelligence (+3).
   Fly:       It grants you flight.
   Stlth:     It makes you more stealthy.
 C - the ring "Wuphi" (right hand) {rElec rPois rCorr Str+4}
   (You took it off a deep elf demonologist on level 3 of the Elven Halls)

   [ring of resist corrosion]

   Str:       It affects your strength (+4).
   rElec:     It insulates you from electricity.
   rPois:     It protects you from poison.
   rCorr:     It protects you from acid and corrosion.
 W - a +6 ring of intelligence
Wands
 q - a wand of digging (23)
 r - a wand of acid (2)
 x - a wand of flame (59)
 F - a wand of paralysis (23)
 H - a wand of iceblast (15)
 Q - a wand of mindburst (26)
Scrolls
 u - 3 scrolls of holy word
 I - 2 scrolls of summoning
 J - 4 scrolls of magic mapping
 R - 6 scrolls of fog
 U - 3 scrolls of fear
Potions
 h - 2 potions of invisibility
 l - 15 potions of curing
 p - 5 potions of lignification
 t - 3 potions of cancellation
 B - 10 potions of ambrosia
 X - 2 potions of magic
 Y - 10 potions of heal wounds
Miscellaneous
 k - a box of beasts (inert)
 D - a lightning rod (4/4)
 M - a condenser vane
 S - a tin of tremorstones (2/2)


   Skills:
 - Level 14.5 Fighting
 - Level 5.0 Long Blades
 - Level 2.0 Polearms
 - Level 5.6 Crossbows
 - Level 6.3 Armour
 - Level 8.0 Dodging
 - Level 12.1 Stealth
 - Level 14.6 Shields
 - Level 19.7 Spellcasting
 - Level 16.2 Conjurations
 - Level 3.6 Hexes
 + Level 4.3 Necromancy
 - Level 5.5 Translocations
 - Level 4.0 Transmutations
 - Level 15.7 Fire Magic
 - Level 7.0 Ice Magic
 - Level 7.0 Air Magic
 - Level 7.0 Earth Magic
 - Level 7.0 Poison Magic
 - Level 4.0 Evocations


You had 3 spell levels left.
You knew the following spells:

 Your Spells              Type           Power      Damage    Failure   Level
a - Slow                  Hex            100%       N/A       1%          1
c - Stone Arrow           Conj/Erth      100%       3d13      1%          3
d - Fireball              Conj/Fire      50%        3d20      1%          5
f - Conjure Flame         Conj/Fire      100%       6-21      0%          3
l - Freezing Cloud        Conj/Ice/Air   41%        6-21      1%          5
m - Fire Storm            Conj/Fire      50%        8d13      69%         9
o - Orb of Destruction    Conj           50%        9d13      1%          7
p - Passage of Golubria   Tloc           66%        N/A       3%          4
s - Sticky Flame          Conj/Fire      100%       2d11      1%          4
u - Sublimation of Blood  Necr           61%        N/A       1%          2
A - Ozocubu's Armour      Ice            72%        N/A       1%          3
C - Conjure Ball Lightni  Conj/Air       43%        3x3d15    1%          6
I - Ignite Poison         Fire/Tmut/Pois 79%        N/A       1%          3
T - Olgreb's Toxic Radia  Pois           72%        N/A       1%          4

Your spell library contained the following spells:

 Spells                   Type           Power      Damage    Failure   Level
 Polar Vortex             Ice            36%        N/A       100%        9
 Shatter                  Erth           36%        3d29*     100%        9
 Foxfire                  Conj/Fire      100%       2x1d9     0%          1
 Animate Skeleton         Necr           100%       N/A       1%          1
 Apportation              Tloc           100%       N/A       1%          1
 Pain                     Necr           100%       1d9       1%          1
 Sandblast                Erth           100%       2d20      1%          1
 Shock                    Conj/Air       100%       1d9       1%          1
 Corpse Rot               Necr/Air       100%       N/A       1%          2
 Ensorcelled Hibernation  Hex/Ice        100%       N/A       1%          2
 Passwall                 Tmut/Erth      55%        N/A       1%          2
 Poisonous Vapours        Pois/Air       100%       N/A       1%          2
 Static Discharge         Conj/Air       87%        N/A       1%          2
 Wereblood                Tmut           59%        N/A       1%          2
 Confusing Touch          Hex            58%        N/A       1%          3
 Gell's Gravitas          Tloc           66%        N/A       1%          3
 Inner Flame              Hex/Fire       81%        N/A       1%          3
 Lesser Beckoning         Tloc           66%        N/A       1%          3
 Portal Projectile        Hex/Tloc       100%       N/A       1%          3
 Spider Form              Tmut/Pois      66%        N/A       1%          3
 Teleport Other           Tloc           66%        N/A       1%          3
 Tukima's Dance           Hex            58%        N/A       1%          3
 Vampiric Draining        Necr           61%        2d10      1%          3
 Call Canine Familiar     Summ           35%        N/A       9%          3
 Airstrike                Air            36%        N/A       1%          4
 Flame Wave               Conj/Fire      100%       2d17      1%          4
 Fulminant Prism          Conj/Hex       41%        3d20      1%          4
 Hailstorm                Conj/Ice       87%        3d17      1%          4
 Iskenderun's Mystic Bla  Conj/Tloc      85%        2d17      1%          4
 Iskenderun's Battlesphe  Conj           100%       2d15      1%          5
 Lee's Rapid Deconstruct  Erth           36%        3d19*     1%          5
 Lightning Bolt           Conj/Air       43%        1d63      1%          5
 Starburst                Conj/Fire      50%        6d14      1%          6
 Leda's Liquefaction      Hex/Erth       32%        N/A       3%          4
 Petrify                  Tmut/Erth      66%        N/A       3%          4
 Dispel Undead            Necr           61%        3d21      4%          4
 Yara's Violent Unravell  Hex/Tmut       29%        3d12      4%          5
 Anguish                  Hex/Necr       29%        N/A       6%          4
 Cause Fear               Hex            29%        N/A       7%          4
 Summon Ice Beast         Ice/Summ       57%        N/A       7%          4
 Alistair's Intoxication  Tmut/Pois      44%        N/A       9%          5
 Ignition                 Fire           49%        3d14      9%          8
 Metabolic Englaciation   Hex/Ice        32%        N/A       10%         5
 Agony                    Necr           61%        N/A       14%         5
 Excruciating Wounds      Necr           30%        N/A       14%         5
 Ozocubu's Refrigeration  Ice            36%        4d12      34%         7
 Simulacrum               Ice/Necr       33%        N/A       41%         6
 Dispersal                Tloc           33%        N/A       43%         6
 Statue Form              Tmut/Erth      44%        N/A       43%         6
 Maxwell's Capacitive Co  Air            36%        ∞         93%         8
 Malign Gateway           Summ/Tloc      26%        N/A       100%        7
 Summon Hydra             Summ           17%        N/A       100%        7
 Borgnjor's Revivificati  Necr           30%        N/A       100%        8
 Discord                  Hex            29%        N/A       100%        8
 Disjunction              Tloc           33%        N/A       100%        8
 Blink                    Tloc           Unusable   N/A       N/A         2
 Swiftness                Air            Unusable   N/A       N/A         3

Dungeon Overview and Level Annotations

Branches:
Dungeon (15/15)            Temple (1/1) D:6            Lair (6/6) D:10
 Shoals (4/4) Lair:4       Spider (4/4) Lair:2        Slime (5/5) Lair:5
    Orc (2/2) D:11            Elf (3/3) Orc:2        Vaults (4/5) D:14
  Crypt (1/3) Vaults:2     Depths (1/4) D:15          IceCv (visited)

Altars:
Ashenzari
Cheibriados
Dithmenos
Elyvilon
Fedhas
Gozag
Hepliaklqana
Kikubaaqudgha
Makhleb
Nemelex Xobeh
Okawaru
Qazlal
Ru
Sif Muna
Trog
Uskayaw
Vehumet
Wu Jian
Xom
Yredelemnul
Zin
The Shining One
Beogh
Jiyva

Shops:
D:2 [   D:4 *   D:10 *   D:11 ?   D:15 !   Orc:2 !:[[   Elf:1 :==   Elf:3 [
Vaults:3 (

Annotations:
D:12 2 transporters
D:14 exclusion: 2 downstairs
D:15 exclusion: downstairs
Spider:1 exclusion: downstairs
Spider:2 3 runed translucent doors, exclusion: 2 downstairs, Paroid's ghost, journeyman PaTm
Spider:3 Mara
Spider:4 exclusion: upstairs
Slime:2 exclusion: 2 downstairs
Slime:3 Dissolution
Slime:4 exclusion: upstairs
Slime:5 Royal Jelly
Orc:2 Erolcha
Vaults:4 3 transporters, drugrobin's ghost, adept DgWr


Innate Abilities, Weirdness & Mutations

You cannot be hasted, slowed, berserked, paralysed or teleported.
You can dig through walls and to a lower floor.
You have a pair of large antennae on your head. (SInv)
Your four strong arms can wield two-handed weapons with a shield.
You are very clumsy. (Dex -4)
Armour fits poorly on your strangely shaped body.
Your body often deteriorates upon taking damage.
Your magical capacity is very low. (-20% MP)
You are robust. (+10% HP)
You are resistant to electric shocks. (rElec)
You have hidden genetic defects.


Message History

The Royal Jelly hits your quicksilver ooze!!!
Your quicksilver ooze dies!
Your quicksilver ooze dissolves into shadows!
The azure jelly misses you.
You riposte.
The quicksilver ooze quivers.
You puncture the azure jelly!
The azure jelly is lightly wounded.
The azure jelly hits you. The azure jelly freezes you!!
Your body deteriorates!
You feel dopey. The azure jelly barely misses you. The azure jelly hits you.
* * * LOW HITPOINT WARNING * * *
The quicksilver ooze hits you!
* * * LOW HITPOINT WARNING * * *
You block the quicksilver ooze's attack.
The quicksilver ooze hits you!!
* * * LOW HITPOINT WARNING * * *
The quicksilver ooze hits you but does no damage.
The Royal Jelly hits your acid blob! The Royal Jelly hits your acid blob.
The acid blob enters the passage of Golubria.
Your juvenile fireshock beast hits the azure jelly!
You hear a snapping sound.
Unknown command.
Unknown command.
Unknown command.
Unknown command.
Unknown command.
Unknown command.
You slip free of the ooze engulfing you.
You gasp with relief as air once again reaches your lungs.
Your acid blob hits the Royal Jelly!!
The Royal Jelly shudders vigorously.
The Royal Jelly spits out two more jellies.
The quicksilver ooze hits you.
* * * LOW HITPOINT WARNING * * *
The quicksilver ooze engulfs you! The quicksilver ooze misses you.
The azure jelly hits you.
* * * LOW HITPOINT WARNING * * *
The azure jelly freezes you!!
* * * LOW HITPOINT WARNING * * *
Your body deteriorates!
You feel dopey.
You block the azure jelly's attack. x2; The azure jelly misses you.
The quicksilver ooze hits you!
You die...

................##
.................##
..................##
...................###
...............^.....#
.....................##
......................###
........................##
.....................^...#
........................##
........................#
........................##
####.....................#
#*,##....................##
#,,,*#.....,..........J...##
**,,,**,,,,,,........J.J...##
*,,,,,**,,,,,,.........J....#
**,,,,**,,,,,,......G.HJJ..##
*,*,,***,,,,,,.........J@..#
********,,,,,,.............#
,*,,,*,,,,,,,,,...........##
,,,*,,,*,,,,,,,.........^.#
********,,,,,,,...........#
*,*,,***,,,,,,,..........##
**,,,,**,,,,,,,,.........#
*,,,,,**,,,,,,,,,.......##
**,,,**,,,,,,,,,,,,,,,,,*
*,,,**,,,,,,,,,,,,,,,,,,*
**,**,,,,,,,,,,,,,,,,,*,*
****,,,,,,,,,,,,,,,,,,,**
,,,,,,,,,,,,,,,,,,,,**,,*
,,,,,,,,,,,,,,,,,,,,*****
,,,,,,,,,,,,,,,,,,,,,*
,,,,,,,,,,,,,,,,,,,***
,,,,,,,,,,,,,,,,,,,*
,,,,,,,,,,,,,,,,****
,,,,,,,,,,,<,,***


You could see the Royal Jelly (ally target), 3 azure jellies, a great orb of
eyes, 2 quicksilver oozes, a friendly acid blob (summoned) and a friendly
juvenile fireshock beast (summoned).

Vanquished Creatures
  Bai Suzhen (Shoals:3)
  A shard shrike (IceCv)
  Nikola (Shoals:4)
  Mlioglotl (Spider:2)
  Asterion (Elf:1)
  2 deep elf blademasters (Elf:3)
  4 deep elf master archers (Elf:3)
  9 acid blobs
  Polyphemus (Shoals:4)
  A storm dragon (Shoals:4)
  Kirke (Shoals:3)
  A sphinx (Vaults:3)
  Donald (Spider:1)
  Agnes (Elf:2)
  Roxanne (D:15)
  Ilsuiw (Shoals:2)
  6 vault wardens
  A rockslime (Slime:5)
  3 deep elf sorcerers (Elf:3)
  8 emperor scorpions
  2 orc warlords
  2 fire giants
  5 azure jellies
  7 deep elf elementalists
  A ghost moth (Spider:1)
  The ghost of drugrobin the Spear-Bearer, a journeyman DgWr (Shoals:1)
  2 broodmothers
  17 ironbound preservers
  4 ironbound thunderhulks
  3 quicksilver oozes
  6 deep elf demonologists (Elf:3)
  12 dire elephants
  6 deep elf annihilators (Elf:3)
  An entropy weaver (Vaults:3)
  A spark wasp (Spider:3)
  A white draconian (IceCv)
  4 deep elf death magi
  12 merfolk impalers
  3 crystal guardians
  2 fire dragons
  4 deep elf high priests (Elf:3)
  4 vault guards
  4 merfolk javelineers
  Josephine (Lair:4)
  8 boulder beetles
  4 great orbs of eyes
  9 yaktaur captains
  A rakshasa (D:15)
  7 hydras
  An ogre mage (Vaults:2)
  Harold (D:8)
  17 centaur warriors
  2 jorogumos
  2 peacekeepers
  2 catoblepae
  A death knight (D:15)
  3 merfolk avatars
  5 merfolk aquamancers (Shoals:4)
  14 ironbound frosthearts
  An alligator snapping turtle (Shoals:1)
  A satyr (Shoals:3)
  2 vampire magi
  5 tengu warriors
  6 two-headed ogres
  29 dancing weapons
  An orc high priest (Elf:1)
  A titan zombie (Vaults:3)
  16 death yaks
  A fire crab (Lair:6)
  18 deep elf knights
  10 skeletal warriors (D:15)
  A sun moth (Spider:1)
  2 pharaoh ants
  38 deep trolls
  2 glowing orange brains
  12 sea snakes
  8 steelbarb worms
  6 orb spiders
  A golden dragon skeleton (D:15)
  An orange crystal statue (IceCv)
  25 harpies
  16 deep elf archers
  4 necromancers
  A phantasmal warrior (Vaults:2)
  4 wizards
  An oklob plant (Lair:5)
  11 ironbound convokers
  4 orc sorcerers
  9 orc knights
  34 deep elf pyromancers
  12 fauns
  A stone giant zombie (D:15)
  24 deep elf zephyrmancers
  8 wolf spiders
  9 cyclopes
  25 ugly things
  14 manticores
  7 shining eyes
  A shining eye (shapeshifter) (Vaults:4)
  3 human zombies (Vaults:3)
  16 elephants
  A stone giant skeleton (D:15)
  11 merfolk sirens
  A guardian serpent (shapeshifter) (D:15)
  A moth of wrath (Spider:3)
  7 molten gargoyles
  4 torpor snails
  4 eyes of devastation
  A titan simulacrum (Vaults:3)
  9 water nymphs
  Joseph (D:8)
  15 vault sentinels
  6 black mambas
  12 cane toads
  A cane toad (shapeshifter) (D:14)
  3 gargoyles
  2 unseen horrors
  3 efreet
  3 demonic crawlers
  A spriggan zombie (D:15)
  20 rime drakes
  4 tengu conjurers
  25 yaktaurs
  12 komodo dragons
  A freezing wraith (Vaults:2)
  4 trolls
  A meliai (shapeshifter) (D:15)
  24 polar bears
  A hornet (D:10)
  2 queen bees
  14 meliai
  A troll (shapeshifter) (D:13)
  16 wind drakes
  29 merfolk
  16 blink frogs
  Grinder (D:6)
  11 tarantellas
  6 snapping turtles
  A blink frog (shapeshifter) (D:13)
  107 slime creatures
  13 dream sheep
  2 meliai zombies (D:11)
  A jumping spider (shapeshifter) (Elf:2)
  28 jumping spiders
  A shadow (D:9)
  8 air elementals
  14 culicivoras
  8 wraiths
  A centaur simulacrum (D:11)
  Eustachio (D:6)
  21 water elementals
  6 wyverns
  A basilisk (shapeshifter) (Elf:1)
  2 fire bats (Lair:2)
  21 humans (D:14)
  46 yaks
  36 redbacks
  5 golden eyes (Slime:1)
  13 basilisks
  4 steam dragons
  2 fire elementals (Elf:1)
  3 vampire mosquitoes (D:11)
  4 hogs (Shoals:3)
  9 wargs
  3 hell hounds (Lair:6)
  An acid dragon (D:13)
  A two-headed ogre zombie (D:11)
  22 water moccasins
  43 orc warriors
  5 ice beasts
  3 sky beasts (D:7)
  A hornet zombie (D:9)
  13 ogres
  4 black bears
  10 boggarts
  9 wolves
  A necrophage (D:6)
  20 centaurs
  3 phantoms
  A kobold brigand (D:8)
  11 bullfrogs
  A gnoll sergeant (D:9)
  4 earth elementals
  7 scorpions
  A troll zombie (D:11)
  50 killer bees
  3 wights
  9 electric eels
  3 howler monkeys
  6 centaur zombies
  5 lava snakes (Lair:6)
  2 bullfrog zombies
  A hound (D:5)
  4 jellies
  8 orc priests
  2 centaur skeletons
  Ijyb (D:3)
  An iguana (D:6)
  10 orc wizards
  A killer bee zombie (D:7)
  6 ogre zombies (D:11)
  A mummy (D:4)
  2 howler monkey zombies
  Robin (D:4)
  5 adders
  13 gnolls
  2 ufetubi (D:5)
  2 adder skeletons
  A worm (D:4)
  2 dart slugs
  70 orcs
  7 endoplasms
  2 giant cockroaches
  15 goblins
  12 hobgoblins
  3 jackals
  5 quokkas
  7 ball pythons
  5 bats
  3 frilled lizards
  2 goblin skeletons (D:11)
  4 goblin zombies
  A hobgoblin skeleton (D:11)
  3 hobgoblin zombies (D:11)
  A jackal skeleton (Crypt:1)
  10 kobolds
  3 orc skeletons (D:11)
  14 orc zombies (D:11)
  7 rats
  A spectral goblin (D:6)
  5 bushes (Lair:5)
  A fire vortex (D:13)
1737 creatures vanquished.

Vanquished Creatures (collateral kills)
  An acid blob (Slime:5)
  A rockslime (Slime:4)
  2 slime creatures (Slime:4)
4 creatures vanquished.

Vanquished Creatures (others)
  A deep elf annihilator (Elf:3)
  88 ball lightnings
  74 fungi
  189 plants
  A withered plant (D:15)
353 creatures vanquished.

Grand Total: 2094 creatures vanquished

Notes
Turn   | Place    | Note
-------+----------+-------------------------------------------
     0 | D:1      | petzl the Formicid Arcane Marksman began the quest for the
                  | Orb.
     0 | D:1      | Reached XP level 1. HP: 15/15 MP: 2/2
    59 | D:1      | Reached XP level 2. HP: 19/21 MP: 3/3
   156 | D:1      | Learned a level 2 spell: Poisonous Vapours
   308 | D:1      | Reached skill level 1 in Stealth
   679 | D:1      | Found a faded altar of an unknown god.
   685 | D:1      | Reached XP level 3. HP: 26/26 MP: 5/5
  1373 | D:2      | Reached skill level 1 in Armour
  1386 | D:2      | Reached XP level 4. HP: 33/33 MP: 6/6
  1658 | D:2      | Found Ygguusch's Armour Emporium.
  1676 | D:2      | Bought a +0 pair of boots for 45 gold pieces
  1999 | D:3      | Noticed Ijyb
  2050 | D:3      | Killed Ijyb
  2051 | D:3      | Reached XP level 5. HP: 23/38 MP: 4/7
  2089 | D:3      | Found a burning altar of Makhleb.
  2111 | D:3      | Identified the +1 helmet of Ashenzari's Generosity {rPois
                  | rF++}
  2111 | D:3      | Noticed Robin
  2139 | D:2      | Reached skill level 2 in Spellcasting
  2153 | D:1      | You fall into a shaft and drop 1 floor!
  2173 | D:1      | You fall into a shaft and drop 1 floor!
  2210 | D:1      | You fall into a shaft and drop 1 floor!
  2223 | D:2      | Reached skill level 1 in Poison Magic
  2314 | D:1      | You fall into a shaft and drop 1 floor!
  2342 | D:1      | You fall into a shaft and drop 1 floor!
  2363 | D:1      | You fall into a shaft and drop 1 floor!
  2367 | D:2      | You fall into a shaft and drop 2 floors!
  2405 | D:4      | Reached skill level 1 in Air Magic
  2405 | D:4      | Reached XP level 6. HP: 22/44 MP: 5/9
  2449 | D:4      | Found Zin's Purification Station.
  2454 | D:4      | Found a glowing silver altar of Zin.
  2492 | D:4      | Noticed an ogre
  2728 | D:4      | Killed an ogre
  2852 | D:4      | Found an opulent altar of Gozag.
  3015 | D:4      | Reached XP level 7. HP: 41/51 MP: 7/10
  3145 | D:4      | Found a snail-covered altar of Cheibriados.
  3229 | D:5      | Entered Level 5 of the Dungeon
  3437 | D:4      | Killed Robin
  3821 | D:3      | Found an ancient bone altar of Kikubaaqudgha.
  4346 | D:5      | Got the Compendium of the Snowflakes
  4493 | D:5      | Identified the +4 robe of the Game of Life {rElec rF++ rC-
                  | Archmagi}
  4786 | D:6      | Learned a level 3 spell: Stone Arrow
  4791 | D:6      | Learned a level 4 spell: Olgreb's Toxic Radiance
  5007 | D:5      | Reached XP level 8. HP: 58/58 MP: 3/12
  5084 | D:5      | Reached skill level 3 in Spellcasting
  5084 | D:5      | Reached skill level 1 in Conjurations
  5084 | D:5      | Reached skill level 1 in Earth Magic
  5206 | D:6      | Found a broken altar of Ashenzari.
  5303 | D:6      | Reached skill level 1 in Evocations
  5418 | D:6      | Noticed Grinder
  5651 | D:6      | Found a sparkling altar of Nemelex Xobeh.
  5996 | D:6      | Found a hazy altar of Hepliaklqana.
  6240 | D:6      | Found a staircase to the Ecumenical Temple.
  6247 | Temple   | Entered the Ecumenical Temple
  6562 | D:6      | Noticed Eustachio
  6747 | D:7      | Reached XP level 9. HP: 65/65 MP: 5/14
  6957 | D:7      | Learned a level 3 spell: Ozocubu's Armour
  7177 | D:6      | Found a sparkling altar of Nemelex Xobeh.
  7318 | D:6      | Killed Eustachio
  7319 | D:6      | Reached skill level 4 in Spellcasting
  7319 | D:6      | Reached skill level 5 in Poison Magic
  7456 | D:6      | Killed Grinder
  7457 | D:6      | Reached skill level 1 in Ice Magic
  7639 | D:7      | Found a radiant altar of Vehumet.
  7645 | D:7      | Became a worshipper of Vehumet
  7724 | D:7      | Reached skill level 5 in Earth Magic
  7800 | D:7      | Found a bloodstained altar of Trog.
  8586 | D:7      | Identified the +8 great sword of Walili {drain, Fly}
  8629 | D:7      | Found a glowing golden altar of the Shining One.
  8631 | D:7      | Found a shadowy altar of Dithmenos.
  8803 | D:7      | Reached XP level 10. HP: 73/73 MP: 11/16
  9087 | D:8      | Noticed Harold
  9240 | D:8      | Killed Harold
  9241 | D:8      | Reached skill level 5 in Fighting
  9241 | D:8      | Reached skill level 1 in Long Blades
  9425 | D:8      | Noticed Joseph
  9446 | D:8      | Reached skill level 5 in Conjurations
  9571 | D:8      | Found a basalt altar of Yredelemnul.
  9618 | D:8      | Reached * piety under Vehumet
  9618 | D:8      | Offered knowledge of Shock by Vehumet.
  9636 | D:8      | Killed Joseph
  9637 | D:8      | Reached skill level 5 in Spellcasting
  9765 | D:8      | Noticed a two-headed ogre
  9798 | D:8      | Killed a two-headed ogre
 10186 | D:9      | Noticed an efreet
 10227 | D:10     | Entered Level 10 of the Dungeon
 10336 | D:9      | Found a shimmering altar of Xom.
 10622 | D:9      | Killed an efreet
 10799 | D:9      | Reached XP level 11. HP: 78/81 MP: 14/19
 11641 | D:10     | Noticed a two-headed ogre
 11649 | D:10     | Killed a two-headed ogre
 11833 | D:10     | Reached skill level 6 in Spellcasting
 12023 | D:10     | Found Myqadgh's General Store.
 12038 | D:10     | Bought a scroll of magic mapping for 42 gold pieces
 12038 | D:10     | Bought a scroll of fog for 24 gold pieces
 12045 | D:10     | Offered knowledge of Magic Dart by Vehumet.
 12146 | D:10     | Found a staircase to the Lair.
 12203 | D:10     | Reached ** piety under Vehumet
 12506 | D:10     | Reached skill level 5 in Air Magic
 13412 | D:10     | Bought a ring of magical power for 240 gold pieces
 13486 | D:11     | Found Kutul's Magic Scroll Shop.
 13597 | D:11     | Bought a scroll of identify for 28 gold pieces
 13597 | D:11     | Bought a scroll of identify for 28 gold pieces
 13597 | D:11     | Bought a scroll of identify for 28 gold pieces
 13597 | D:11     | Bought a scroll of identify for 28 gold pieces
 13624 | D:11     | Noticed a cyclops
 13904 | D:11     | Offered knowledge of Dazzling Flash by Vehumet.
 13912 | D:11     | Noticed a two-headed ogre
 13956 | D:11     | Killed a two-headed ogre
 14108 | D:11     | Found a staircase to the Orcish Mines.
 14152 | D:11     | Reached *** piety under Vehumet
 14208 | D:11     | Reached XP level 12. HP: 78/89 MP: 16/22
 14362 | D:11     | Offered knowledge of Conjure Flame by Vehumet.
 14368 | D:11     | Learned a level 3 spell: Conjure Flame
 14415 | D:11     | Reached skill level 7 in Spellcasting
 14770 | D:11     | Noticed a tengu warrior
 14846 | D:11     | Reached **** piety under Vehumet
 14916 | D:11     | Reached skill level 5 in Long Blades
 15233 | D:12     | Found a transporter.
 15257 | D:12     | Found a transporter.
 15263 | D:12     | Noticed an ogre mage
 15329 | D:13     | Identified the +6 mace "Caywolas" {flame, rElec rPois
                  | rCorr}
 15514 | D:12     | Offered knowledge of Frozen Ramparts by Vehumet.
 15857 | Lair:1   | Entered Level 1 of the Lair of Beasts
 15917 | Lair:1   | Reached skill level 8 in Spellcasting
 16141 | Lair:1   | Identified the amulet of Hatatwi {RegenMP Str+2 Dex+3}
 16417 | Lair:2   | Found a hole to the Spider Nest.
 16654 | Lair:2   | Got the Guide on Creative Beguiling
 16735 | Lair:2   | Noticed a four-headed hydra
 16748 | Lair:2   | Killed a four-headed hydra
 16836 | Lair:2   | Reached skill level 9 in Spellcasting
 16849 | Lair:2   | Reached XP level 13. HP: 98/98 MP: 26/26
 17610 | Lair:1   | Noticed a fire dragon
 17818 | Lair:1   | Reached skill level 10 in Spellcasting
 17818 | Lair:1   | Reached skill level 10 in Conjurations
 17971 | Lair:2   | Reached ***** piety under Vehumet
 17971 | Lair:2   | Offered knowledge of Freezing Cloud by Vehumet.
 17978 | Lair:2   | Learned a level 5 spell: Freezing Cloud
 18372 | Lair:2   | Found the +8 lance "Wyrmbane" {slay drac, rPois rF+ rC+
                  | AC+3}
 18622 | Lair:3   | Found a burning altar of Makhleb.
 18712 | Lair:3   | Noticed a seven-headed hydra
 18747 | Lair:3   | Killed a seven-headed hydra
 19027 | Lair:3   | Reached skill level 1 in Fire Magic
 19454 | Lair:4   | Found a staircase to the Shoals.
 19990 | Lair:4   | Noticed Josephine
 20099 | Lair:4   | Noticed a seven-headed hydra
 20144 | Lair:4   | Killed a seven-headed hydra
 20467 | Lair:4   | Reached XP level 14. HP: 108/108 MP: 13/28
 20802 | Lair:5   | Found a staircase to the Slime Pits.
 20940 | Lair:5   | Reached skill level 5 in Stealth
 21082 | Lair:5   | Reached skill level 11 in Spellcasting
 21280 | Lair:6   | Entered Level 6 of the Lair of Beasts
 21284 | Lair:6   | Reached skill level 5 in Ice Magic
 22409 | Lair:6   | Offered knowledge of Fireball by Vehumet.
 22416 | Lair:6   | Learned a level 5 spell: Fireball
 22949 | Lair:6   | Reached skill level 10 in Fighting
 23060 | Lair:6   | Found a large runed translucent door.
 23062 | Lair:6   | Found a large runed translucent door.
 23522 | Lair:6   | Reached XP level 15. HP: 115/115 MP: 24/30
 23832 | Lair:6   | Reached skill level 12 in Spellcasting
 24357 | Orc:1    | Entered Level 1 of the Orcish Mines
 24628 | Orc:1    | Noticed an orc warlord
 24640 | Orc:1    | Killed an orc warlord
 24673 | Orc:1    | Reached skill level 1 in Polearms
 24824 | Orc:1    | Found a radiant altar of Vehumet.
 25368 | Orc:2    | Entered Level 2 of the Orcish Mines
 25422 | Orc:2    | Found a staircase to the Elven Halls.
 26053 | Orc:2    | Found Hysavi Vana's Antique Armour Shop.
 26053 | Orc:2    | Found Dachoxeo's Book Emporium.
 26055 | Orc:2    | Found Sobbink's Distillery.
 26057 | Orc:2    | Found Ycweqauq's Antique Armour Boutique.
 26118 | Orc:2    | Bought an Everburning Encyclopedia for 390 gold pieces
 26123 | Orc:2    | Learned a level 4 spell: Sticky Flame
 26127 | Orc:2    | Learned a level 3 spell: Ignite Poison
 26130 | Orc:2    | Bought a bronze ring mail for 279 gold pieces
 26130 | Orc:2    | Identified the +0 ring mail of Raiss {+Blink SInv} (You
                  | bought it in a shop on level 2 of the Orcish Mines)
 26135 | Orc:2    | Bought a steaming ring mail for 252 gold pieces
 26135 | Orc:2    | Identified the +8 ring mail "Uxtitt" {rElec rN+ SInv} (You
                  | bought it in a shop on level 2 of the Orcish Mines)
 26408 | Orc:2    | Offered knowledge of Irradiate by Vehumet.
 26444 | Orc:2    | Noticed Erolcha
 27044 | Lair:3   | Reached skill level 1 in Transmutations
 27622 | Lair:3   | You fall into a shaft and drop 2 floors!
 27659 | Lair:4   | Killed Josephine
 28293 | Lair:3   | Reached skill level 5 in Fire Magic
 29336 | D:12     | Reached skill level 1 in Shields
 29679 | D:13     | Reached XP level 16. HP: 124/124 MP: 31/32
 29936 | D:13     | Learned a level 7 spell: Orb of Destruction
 30125 | D:13     | Offered knowledge of Iron Shot by Vehumet.
 30632 | D:14     | Found a frozen archway.
 30648 | IceCv    | Entered an ice cave
 31924 | IceCv    | Noticed a shard shrike
 32017 | IceCv    | Killed a shard shrike
 32018 | IceCv    | Reached skill level 5 in Dodging
 32603 | D:14     | Reached skill level 5 in Shields
 33166 | D:15     | Entered Level 15 of the Dungeon
 33365 | D:15     | Reached skill level 13 in Spellcasting
 33381 | D:15     | Reached skill level 5 in Armour
 33666 | D:15     | Reached XP level 17. HP: 131/131 MP: 34/34
 33789 | D:15     | Found a staircase to the Depths.
 33924 | Orc:2    | Bought a potion of curing for 42 gold pieces
 33924 | Orc:2    | Bought a potion of heal wounds for 70 gold pieces
 33924 | Orc:2    | Bought a potion of heal wounds for 70 gold pieces
 33924 | Orc:2    | Bought a potion of curing for 42 gold pieces
 34245 | D:14     | Offered knowledge of Yara's Violent Unravelling by Vehumet.
 34417 | D:14     | Found a gate to the Vaults.
 34822 | D:15     | Noticed Roxanne
 34898 | D:15     | Killed Roxanne
 36031 | D:15     | Found Anirostu's Distillery.
 36051 | D:15     | Bought a potion of cancellation for 128 gold pieces
 36051 | D:15     | Bought a potion of curing for 48 gold pieces
 36051 | D:15     | Bought a potion of heal wounds for 80 gold pieces
 36051 | D:15     | Bought a potion of curing for 48 gold pieces
 36051 | D:15     | Bought a potion of curing for 48 gold pieces
 36597 | D:15     | Reached skill level 10 in Stealth
 37227 | Depths:1 | Entered Level 1 of the Depths
 37593 | Shoals:1 | Entered Level 1 of the Shoals
 37598 | Shoals:1 | Offered knowledge of Starburst by Vehumet.
 38037 | Shoals:1 | Found a runed translucent door.
 38037 | Shoals:1 | Found a shimmering altar of Xom.
 38037 | Shoals:1 | Noticed drugrobin's ghost (journeyman DgWr)
 38067 | Shoals:1 | Reached skill level 14 in Spellcasting
 38074 | Shoals:1 | Learned a level 6 spell: Conjure Ball Lightning
 38531 | Shoals:1 | Reached XP level 18. HP: 115/139 MP: 35/36
 39022 | Shoals:3 | Found the +0 pair of fencer's gloves {Riposte Dex+3}
 39576 | Shoals:2 | Reached skill level 15 in Spellcasting
 39958 | Shoals:2 | Noticed Ilsuiw
 39992 | Shoals:2 | Killed Ilsuiw
 40516 | Shoals:3 | Reached skill level 16 in Spellcasting
 40940 | Shoals:3 | Noticed Bai Suzhen
 41084 | Shoals:2 | You fall into a shaft and drop 1 floor!
 41084 | Shoals:3 | Noticed Kirke
 41353 | Shoals:3 | Identified the +1 robe "Byuthriaz" {rF+ SInv}
 41776 | Shoals:4 | Entered Level 4 of the Shoals
 42347 | Shoals:4 | Reached skill level 10 in Shields
 42466 | Shoals:4 | Noticed Nikola
 42474 | Shoals:4 | Killed Nikola
 42581 | Shoals:4 | Reached ****** piety under Vehumet
 42720 | Shoals:4 | Offered knowledge of Eringya's Noxious Bog by Vehumet.
 42911 | Shoals:4 | Reached XP level 19. HP: 146/146 MP: 29/39
 43535 | Shoals:3 | Killed Bai Suzhen
 43540 | Shoals:3 | Killed Kirke
 43757 | Shoals:3 | Reached skill level 17 in Spellcasting
 44044 | Shoals:4 | Identified the +0 scale mail of Indomitability {rPois
                  | Slay+3}
 44283 | Shoals:4 | Noticed Polyphemus
 45071 | Shoals:4 | Killed Polyphemus
 45146 | Shoals:4 | Got a barnacled rune of Zot
 45398 | Shoals:1 | You fall into a shaft and drop 1 floor!
 45471 | Shoals:1 | Killed drugrobin's ghost
 45624 | Shoals:1 | Identified the +6 war axe of the Past {vorpal, rPois rC++}
 45880 | D:14     | Gained mutation: Armour fits poorly on your strangely
                  | shaped body. [potion of mutation]
 45880 | D:14     | Gained mutation: You have a beak for a mouth. [potion of
                  | mutation]
 45880 | D:14     | Gained mutation: You expend magic power (3 MP) to
                  | strengthen your wands. [potion of mutation]
 45881 | D:14     | Lost mutation: Armour fits poorly on your strangely shaped
                  | body. [potion of mutation]
 45881 | D:14     | Lost mutation: You expend magic power (3 MP) to strengthen
                  | your wands. [potion of mutation]
 45881 | D:14     | Lost mutation: You have a beak for a mouth. [potion of
                  | mutation]
 45881 | D:14     | Gained mutation: Your spells are a little easier to cast,
                  | but a little less powerful. [potion of mutation]
 45881 | D:14     | Gained mutation: You are clumsy. (Dex -2) [potion of
                  | mutation]
 45881 | D:14     | Lost mutation: You are clumsy. (Dex -2) [potion of
                  | mutation]
 45882 | D:14     | Lost mutation: Your spells are a little easier to cast, but
                  | a little less powerful. [potion of mutation]
 45882 | D:14     | Gained mutation: You are resistant to electric shocks.
                  | (rElec) [potion of mutation]
 45882 | D:14     | Gained mutation: You are robust. (+10% HP) [potion of
                  | mutation]
 45882 | D:14     | Gained mutation: You are clumsy. (Dex -2) [potion of
                  | mutation]
 45917 | Vaults:1 | Entered Level 1 of the Vaults
 46392 | Vaults:1 | Identified the +0 plate armour of Hoicw {Rampage +Inv}
 46395 | Vaults:1 | Got the Reference Book on Arcane Weapons
 46971 | Vaults:2 | Found a staircase to the Crypt.
 47254 | Crypt:1  | Entered Level 1 of the Crypt
 47548 | Vaults:3 | Found Qacoosh's Antique Weapon Boutique.
 47554 | Vaults:3 | Bought a brightly glowing scimitar for 171 gold pieces
 47554 | Vaults:3 | Identified the +10 scimitar of Sahuz {flame, rN+ Dex+5}
                  | (You bought it in a shop on level 3 of the Vaults)
 47916 | Vaults:1 | Identified the +11 dagger "Vepti" {vorpal, *Corrode rN++
                  | Int+8}
 48276 | Vaults:1 | Reached XP level 20. HP: 84/170 MP: 41/41
 48933 | Vaults:1 | Offered knowledge of Fire Storm by Vehumet.
 48933 | Vaults:1 | Offered knowledge of Shatter by Vehumet.
 48933 | Vaults:1 | Offered knowledge of Polar Vortex by Vehumet.
 51415 | Vaults:3 | Reached skill level 10 in Fire Magic
 52632 | Vaults:3 | Identified the +8 morningstar "Arbiter" {chaos, rN+ Str+2
                  | SInv}
 52677 | Vaults:4 | Reached XP level 21. HP: 179/179 MP: 34/42
 53469 | Vaults:4 | Reached skill level 18 in Spellcasting
 53558 | Vaults:4 | Noticed drugrobin's ghost (adept DgWr)
 53559 | Vaults:4 | Found a transporter.
 53561 | Vaults:4 | Found a transporter.
 53600 | Vaults:4 | Found a gateway to a bazaar.
 53617 | Bazaar   | Entered a bazaar
 53620 | Bazaar   | Found Xiebue's Book Shop.
 53622 | Bazaar   | Found Athour's Jewellery Boutique.
 53627 | Bazaar   | Found Coekashru's Armour Boutique.
 53627 | Bazaar   | Found Faxoybby's Assorted Antiques.
 53687 | Bazaar   | Bought the amulet of Vitality {Regen+ HP+15} for 869 gold
                  | pieces
 53687 | Bazaar   | Found the amulet of Vitality {Regen+ HP+15}
 53738 | Bazaar   | Bought a book of Touch for 234 gold pieces
 53744 | Bazaar   | Bought a ring of flight for 192 gold pieces
 53750 | Bazaar   | Bought a potion of curing for 84 gold pieces
 53815 | Vaults:4 | Found a transporter.
 53876 | Vaults:4 | Found a bloodstained altar of Trog.
 53876 | Vaults:4 | Found the +8 Wrath of Trog {antimagic, *Rage Rampage}
 56111 | Spider:1 | Entered Level 1 of the Spider Nest
 56242 | Spider:2 | Identified a scroll of acquirement
 56320 | Spider:2 | Found a runed translucent gate.
 56321 | Spider:2 | Found a runed translucent gate.
 56322 | Spider:2 | Found a runed translucent gate.
 56411 | Spider:2 | Noticed Paroid's ghost (journeyman PaTm)
 57804 | Spider:1 | Noticed Donald
 57813 | Spider:1 | Killed Donald
 58167 | Spider:2 | Noticed Mlioglotl
 58179 | Spider:2 | Killed Mlioglotl
 58399 | Spider:3 | Noticed Mara
 58579 | Spider:3 | Reached XP level 22. HP: 190/190 MP: 44/44
 58784 | Spider:4 | Entered Level 4 of the Spider Nest
 59159 | Spider:3 | Noticed petzl's illusion
 59407 | Spider:2 | Identified the +3 mace of Omoem {flame, *Slow rC+ Will+
                  | Str+3}
 60097 | Spider:3 | You fall into a shaft and drop 1 floor!
 60326 | Spider:3 | Noticed petzl's illusion
 60474 | Lair:2   | Learned a level 9 spell: Fire Storm
 60704 | Elf:1    | Entered Level 1 of the Elven Halls
 60754 | Elf:1    | Learned a level 4 spell: Passage of Golubria
 60793 | Elf:1    | Reached skill level 1 in Translocations
 60886 | Elf:1    | Found Nerghei's Magic Scroll Emporium.
 60984 | Elf:1    | Noticed Asterion
 61196 | Elf:2    | Noticed Agnes
 61328 | Elf:2    | Killed Agnes
 61681 | Elf:3    | Entered Level 3 of the Elven Halls
 61899 | Elf:3    | Found Wunlesh's Antique Armour Shop.
 61961 | Elf:3    | Reached skill level 5 in Translocations
 62160 | Elf:3    | Got the Almanac of Evil Stones
 62560 | Elf:3    | Reached skill level 19 in Spellcasting
 62875 | Elf:2    | Acquired 548 gold pieces
 62877 | Elf:2    | Acquired 374 gold pieces
 62879 | Elf:2    | Acquired 297 gold pieces
 62912 | Elf:2    | Identified the +1 robe of Sif Muna's Inspiration {rPois rC+
                  | Dex+4}
 63065 | Elf:1    | Identified the +8 chain mail "Quttoada" {rC+}
 63600 | Elf:2    | Identified the +1 robe of the Armoured One {Dex+4}
 63721 | Elf:2    | Found a runed translucent gate.
 63722 | Elf:2    | Found a runed translucent gate.
 63722 | Elf:2    | Found a runed translucent gate.
 63964 | Elf:3    | Reached skill level 15 in Conjurations
 64022 | Elf:3    | Identified the +1 ring mail "Ahaiph" {rF+}
 64961 | Elf:3    | Identified the +1 robe of Starshine {rPois}
 64961 | Elf:3    | Identified the ring "Wuphi" {rElec rPois rCorr Str+4}
 65038 | Elf:3    | Reached XP level 23. HP: 196/196 MP: 46/46
 65608 | Elf:3    | Identified the +11 mace of Descent {drain, Dex+6}
 65609 | Elf:3    | Identified the ring "Xedokk" {*Corrode rF- Str+8 Dex+6
                  | Slay+5}
 65680 | Elf:3    | Found the +6 arbalest "Damnation" {damnation}
 65681 | Elf:3    | Found the +8 longbow "Zephyr" {speed, Dex+3 SInv}
 65682 | Elf:3    | Got the Tome of the Dragonfly
 65750 | Elf:3    | Learned a level 2 spell: Sublimation of Blood
 67537 | Elf:1    | You fall into a shaft and drop 1 floor!
 67882 | Elf:1    | Found Ocuritub's Jewellery Shop.
 67883 | Elf:1    | Found Ycox's Book Shoppe.
 67884 | Elf:1    | Found Teasto's Jewellery Shop.
 67890 | Elf:1    | Bought the ring of Efunnuf {Fly Int+3 Stlth+} for 470 gold
                  | pieces
 67890 | Elf:1    | Bought a ring of willpower for 350 gold pieces
 68004 | Elf:1    | Killed Asterion
 68196 | Elf:1    | Reached skill level 15 in Fire Magic
 68633 | Elf:1    | Bought a manual of Crossbows for 1600 gold pieces
 69034 | Slime:1  | Entered Level 1 of the Pits of Slime
 69145 | Slime:1  | Gained mutation: Armour fits poorly on your strangely
                  | shaped body. [a shining eye]
 69151 | Lair:5   | Gained mutation: You are very clumsy. (Dex -4) [a shining
                  | eye]
 69818 | Slime:2  | Gained mutation: You have hidden genetic defects. [a
                  | shining eye]
 70346 | Slime:3  | Reached skill level 5 in Crossbows
 70539 | Slime:3  | Gained mutation: Your body sometimes deteriorates upon
                  | taking damage. [a shining eye]
 70539 | Slime:3  | Noticed Dissolution
 70545 | Slime:3  | You are sucked into a shaft and drop 1 floor!
 70739 | Slime:5  | Entered Level 5 of the Pits of Slime
 70993 | Slime:4  | Gained mutation: Your magical capacity is low. (-10% MP)
                  | [hidden defects]
 71139 | Slime:5  | Reached XP level 24. HP: 204/204 MP: 25/42
 71144 | Slime:5  | Reached skill level 1 in Necromancy
 71430 | Slime:5  | Noticed the Royal Jelly
 71699 | Slime:5  | Gained mutation: Your body often deteriorates upon taking
                  | damage. [a shining eye]
 71704 | Slime:5  | Gained mutation: Your magical capacity is very low. (-20%
                  | MP) [a shining eye]
 71721 | Slime:5  | HP: 8/219 [azure jelly (25)]
 71721 | Slime:5  | Slain by a quicksilver ooze

Illustrated notes

Levels and vault maps discovered:
D:1:      minmay_arrival_doors, layout_loops_cross,
          shapermc_ecumenical_altar_venn, minmay_bisected
D:2:      layout_rooms, serial_shops, shop
D:3:      layout_rooms, bloody_makhleb, kiku_gazebo_pond_becter,
          nicolae_elevator_lobby_plus, uniq_ijyb, uniq_robin
D:4:      layout_loops_ring, zin_purify, cheibrodos_worm_habitat,
          nicolae_overflow_crystal_walls, nicolae_ossuary_entry_giza
D:5:      layout_loops_ring
D:6:      layout_loops_corners, nemelex_dance_club_becter,
          nicolae_hepliaklqana_monster_ancestors, temple_green,
          hangedman_feature_mirror, grunt_decor_resistance, patterned_corridor,
          uniq_eustachio, uniq_grinder
D:7:      layout_layer_cave, old_standard_altar, nicolae_overflow_hidden_temple,
          st_stairs_8, kennysheep_opposing_triangles
D:8:      layout_rooms, lemuel_zombie_altar_yredelemnul,
          kennysheep_generic_room_11, uniq_joseph, uniq_harold
D:9:      layout_roguey, mainiacjoe_overflow_24_doors, kennysheep_donut,
          chequers_serial_rivers_room_b
D:10:     layout_cave_pods, due_lair_maze_entry_diamond, serial_shops,
          nicolae_shop_window_shopping, nooodl_orcs_dogs
D:11:     minmay_distorted_concentric_squares, layout_cave_pods,
          zombieorc2_lemuel, serial_shops, nicolae_inconvenience_store
D:12:     gammafunk_beogh_shrine, layout_basic, special_room [special_room_bee]
D:13:     layout_loops_ring, kennysheep_cross_room,
          hangedman_abyss_or_decor_slice, minivault_10
D:14:     layout_roguey, grunt_vaults_entry_tiered,
          portal_ice_cave_entry_pillars_three, kennysheep_decorative_pillar,
          st_stairs_14
D:15:     gammafunk_depths_entry_grave, layout_cave_pools, serial_column_ruins,
          column_ruins_pillar_4, column_ruins_pillar_1, column_ruins_pillar_3,
          column_ruins_pillar_2, column_ruins_pillar_3, column_ruins_pillar_3,
          column_ruins_pillar_2, column_ruins_pillar_1, column_ruins_pillar_3,
          column_ruins_pillar_12, serial_shops, shop_coins, grunt_ministairs_13,
          kennysheep_kite_vault, uniq_roxanne
Temple:   pf_slimified_temple
Lair:1:   dragon1_lemuel, layout_cave_pods, beast_lair_carwin_7,
          lemuel_fruit_tree, grunt_megastairs_1
Lair:2:   layout_gridlike, spider_nest_entry_rubble, grunt_megastairs_2,
          infiniplex_staircase_pool
Lair:3:   regret_index_combs_of_tragedy, layout_regular_city, basic_altar,
          beast_lair_carwin_4, infiniplex_staircase_pool_2
Lair:4:   layout_gridlike, minmay_shoals_entry_centaurs, uniq_josephine
Lair:5:   layout_hall_layers, minmay_slime_entry_pillars,
          minmay_lair_oklob_bushes
Lair:6:   cheibrodos_lair_end_hotspot, layout_gridlike
Shoals:1: layout_shoals, ebering_ghost_xom
Shoals:2: layout_shoals, uniq_ilsuiw
Shoals:3: layout_shoals, uniq_bai_suzhen, uniq_kirke
Shoals:4: shoals_end_hellmonk_storm_palace [storm_palace_center_ruins,
          storm_palace_corner_narrow, storm_palace_corner_grid,
          storm_palace_corner_reverse_hut, storm_palace_corner_narrow],
          serial_shops, uniq_nikola, uniq_polyphemus
Spider:1: layout_spider_delve, hangedman_spider_tarantella_strand, uniq_donald
Spider:2: layout_spider_delve, gammafunk_ghost_split, uniq_mlioglotl
Spider:3: layout_cave_pods, uniq_mara
Spider:4: guppyfry_spider_rune, hellmonk_test_site
Slime:1:  layout_caves
Slime:2:  layout_caves
Slime:3:  layout_caves, uniq_dissolution
Slime:4:  layout_caves
Slime:5
Orc:1:    layout_diamond_mine, basic_altar
Orc:2:    st_orc_rangers, layout_caves, uniq_erolcha
Elf:1:    layout_onion_city, serial_shops, nicolae_shop_stone,
          evilmike_minifort, minmay_shop_grove, uniq_asterion
Elf:2:    nicolae_elf_blades_crystal_corner, layout_onion_city, minivault_8,
          uniq_agnes
Elf:3:    minmay_elf_hall_circle, layout_geoelf_castle, serial_shops, shop
Vaults:1: vaults_mumra_chevron, vaults_room_hallway,
          nicolae_vaults_bisected_exclaves, vaults_dpeg_doors,
          vaults_mumra_hexcomb, v_misc_27, vaults_room_hangedman_quadrants,
          layout_vaults_omnigrid
Vaults:2: vaults_room_large_hall, hangedman_vaults_slither, v_misc_23,
          minmay_crypt_entry_simple_round, ontoclasm_vaults_bender,
          nicolae_vaults_little_squares_3, v_alt_pattern_2, v_misc_25,
          nicolae_vaults_network_periphery, vaults_room_fancy_cross,
          dpeg_vaults_monster_box, v_misc_14, nicolae_vaults_quartermaster,
          ontoclasm_vaults_hangar, layout_vaults_omnibox
Vaults:3: portal_desolation_entry_nicolae_slug, hangedman_vaults_nodes,
          grunt_vaults_swirl, nicolae_vaults_little_squares_5,
          vaults_room_hallway, vaults_standard_mumra_enter_the_diamond,
          grunt_vaults_hallway_short, layout_vaults_big_room, serial_shops, shop
Vaults:4: gammafunk_ghost_smash, emtedronai_trogs_sanctum,
          nicolae_vaults_what_the_h, v_misc_5, nicolae_vaults_ninety_degrees,
          nicolae_vaults_little_squares_4, vaults_room_door_ring,
          layout_vaults_omnicross, serial_shops, bzr_in_the_mist
Crypt:1:  layout_gridlike, grunt_crypt_arrival_webbed
Depths:1: cheibrodos_tormentor_scu, layout_long_grid, grunt_pan_entry_sceptre,
          nicolae_figureground_pulse, hell_entry, grunt_ministairs_14,
          minmay_mirror_moons_of_madness

Skill      XL: |  1  2  3  4  5  6  7  8  9 10 11 12 13 14 15 16 17 18 19 20 21 22 23 24 |
---------------+-------------------------------------------------------------------------+-----
Dodging        | 2 3 4 5 6 7 8 |  8.0
Stealth        | 1 2 3 4 6 7 9 10 11 12 | 12.1
Armour         | 1 2 3 5 6 |  6.3
Fighting       | 2 3 4 5 6 8 9 10 11 12 13 14 | 14.5
Spellcasting   | 2 3 4 5 6 9 10 11 12 13 14 16 17 18 19 | 19.7
Poison Magic   | 1 2 3 4 5 6 7 |  7.0
Air Magic      | 1 2 3 4 5 6 7 |  7.0
Crossbows      | 3 5 |  5.6
Conjurations   | 2 4 5 7 9 10 11 12 13 14 15 16 | 16.2
Earth Magic    | 3 5 7 |  7.0
Evocations     | 2 3 4 |  4.0
Ice Magic      | 2 3 4 5 6 7 |  7.0
Long Blades    | 2 4 5 |  5.0
Fire Magic     | 2 4 5 6 7 8 10 12 13 15 | 15.7
Polearms       | 2 |  2.0
Transmutations | 2 4 |  4.0
Shields        | 1 5 8 10 11 13 14 | 14.6
Translocations | 5 |  5.5
Necromancy     | 4 |  4.3
Hexes          | |  3.6

Action                   |  1- 3 |  4- 6 |  7- 9 | 10-12 | 13-15 | 16-18 | 19-21 | 22-24 || total
-------------------------+-------+-------+-------+-------+-------+-------+-------+-------++-------
Melee: Short sword       |       |    50 |       |       |       |       |       |       ||    50
       Mace              |       |   109 |       |       |       |       |       |       ||   109
       Punch             |       |     3 |     5 |     6 |     1 |       |       |       ||    15
       Trident           |       |    26 |   255 |   386 |    72 |       |       |       ||   739
       Hand crossbow     |       |     6 |       |       |       |       |       |       ||     6
       Rapier            |       |       |       |     3 |       |       |       |       ||     3
       Lance             |       |       |       |       |    49 |    94 |   106 |    24 ||   273
       Dagger            |       |       |       |       |       |       |     2 |     3 ||     5
 Fire: Hand crossbow     |    72 |    27 |    34 |   211 |   191 |    15 |     9 |     2 ||   561
Throw: Dart              |       |       |     7 |     2 |       |       |       |     2 ||    11
 Cast: Slow              |       |    20 |    51 |   109 |    27 |       |       |       ||   207
       Poisonous Vapours |       |     6 |    84 |    60 |       |       |       |       ||   150
       Stone Arrow       |       |       |     6 |   115 |    84 |    19 |     3 |       ||   227
       Ozocubu's Armour  |       |       |       |    37 |    21 |    15 |    32 |     6 ||   111
       Olgreb's Toxic Ra |       |       |       |     5 |   161 |   161 |   158 |   108 ||   593
       Conjure Flame     |       |       |       |     5 |    12 |     4 |     1 |     1 ||    23
       Freezing Cloud    |       |       |       |       |   151 |   112 |   140 |    96 ||   499
       Fireball          |       |       |       |       |     7 |    32 |    41 |     7 ||    87
       Ignite Poison     |       |       |       |       |    27 |   240 |   204 |   135 ||   606
       Orb of Destructio |       |       |       |       |       |   101 |   150 |   175 ||   426
       Sticky Flame      |       |       |       |       |       |    20 |    31 |    19 ||    70
       Conjure Ball Ligh |       |       |       |       |       |     2 |       |    32 ||    34
       Passage of Golubr |       |       |       |       |       |       |       |    13 ||    13
       Sublimation of Bl |       |       |       |       |       |       |       |     3 ||     3
 Abil: Shaft Self        |       |     7 |       |       |     1 |       |     1 |     4 ||    13
       Dig               |       |     1 |       |     4 |     5 |     8 |     3 |     2 ||    23
Evoke: Wand              |       |       |     8 |     8 |       |     8 |     5 |     2 ||    31
       Box of beasts     |       |       |       |       |       |       |       |     1 ||     1
  Use: Scroll            |       |     1 |     2 |    18 |     8 |     4 |     2 |     9 ||    44
       Potion            |       |       |       |     4 |     1 |     4 |     3 |     2 ||    14
 Stab: Sleeping          |       |     3 |     2 |     3 |     1 |       |     2 |     3 ||    14
Armor: Robe              |     1 |       |    90 |   306 |   138 |    92 |    98 |    61 ||   786
       Leather armour    |       |    66 |    36 |       |       |       |       |       ||   102
Dodge: Dodged            |    27 |   131 |   199 |   409 |   170 |   130 |   111 |    88 ||  1265
Block: Buckler           |       |       |       |       |       |    30 |       |       ||    30
       Kite shield       |       |       |       |       |       |    73 |   209 |   158 ||   440
       Reflection        |       |       |       |       |       |    18 |    43 |    29 ||    90
       Rpst.: Lance      |       |       |       |       |       |       |    14 |    13 ||    27

Table legend: (Time is in decaauts)
 A = Elapsed time spent in this place.
 B = Non-inter-level travel time spent in this place.
 C = Inter-level travel time spent in this place.
 D = Time resting spent in this place.
 E = Time spent auto-exploring this place.
 F = Levels seen in this place.
 G = Mean time per level.
                   A        B        C        D        E       F      G
               +--------+--------+--------+--------+--------+-----+--------+
         Total |  72703 |  66763 |   5940 |  24098 |  13235 |  48 | 1514.6 |
       Dungeon |  24030 |  21733 |   2297 |   6539 |   6169 |  15 | 1602.0 |
        Temple |    103 |     84 |     19 |      0 |     78 |   1 |  103.0 |
          Lair |  12030 |  10694 |   1336 |   3666 |   3393 |   6 | 2005.0 |
        Shoals |   8436 |   7862 |    574 |   3927 |      0 |   4 | 2109.0 |
   Spider Nest |   4098 |   3963 |    135 |   1794 |    540 |   4 | 1024.5 |
    Slime Pits |   2331 |   2230 |    101 |   1141 |      0 |   5 |  466.2 |
  Orcish Mines |   2468 |   2041 |    427 |    310 |    483 |   2 | 1234.0 |
   Elven Halls |   7807 |   7148 |    659 |   2480 |    612 |   3 | 2602.3 |
        Vaults |   9639 |   9249 |    390 |   3470 |   1960 |   4 | 2409.8 |
         Crypt |     26 |     26 |      0 |      0 |      0 |   1 |   26.0 |
        Depths |     25 |     25 |      0 |      0 |      0 |   1 |   25.0 |
        Bazaar |    136 |    136 |      0 |     12 |      0 |   1 |  136.0 |
      Ice Cave |   1568 |   1568 |      0 |    758 |      0 |   1 | 1568.0 |
               +--------+--------+--------+--------+--------+-----+--------+

Top non-repeatable levels by time:
    D:14: 3222 daAuts
Shoals:4: 3210 daAuts
   Elf:3: 3062 daAuts
Vaults:2: 2876 daAuts
  Lair:6: 2604 daAuts
   Elf:2: 2601 daAuts
Vaults:1: 2476 daAuts
  Lair:3: 2399 daAuts
Vaults:4: 2312 daAuts
Shoals:1: 2227 daAuts
    D:15: 2220 daAuts
    D:10: 2194 daAuts
    D:11: 2185 daAuts
   Elf:1: 2143 daAuts
     D:6: 2143 daAuts
